 Dungeon Crawl Stone Soup version 0.27.1-3-gb3d3a73c9e (webtiles) character file.

Game seed: 9091865157060289163

109 Atelerd the Digger (level 4, -1/27 HPs)
             Began as an Octopode Earth Elementalist on Oct 31, 2021.
             Slain by a gnoll (8 damage)
             ... on level 2 of the Dungeon.
             The game lasted 00:03:38 (3710 turns).

Atelerd the Digger (Octopode Earth Elementalist)    Turns: 3710, Time: 00:03:39

Health: -1/27      AC:  1    Str:  7    XL:     4   Next: 89%
Magic:  8/8        EV: 13    Int: 18    God:
Gold:   128        SH:  0    Dex: 12    Spells: 4/9 levels left

rFire    . . .     SeeInvis .   n - +1 short sword (freeze)
rCold    . . .     Faith    .   (no shield)
rNeg     . . .     Spirit   .   (helmet restricted)
rPois    .         Reflect  .   (no amulet)
rElec    .         Harm     .   (no ring)
rCorr    .         Rampage  .   (no ring)
Will     .....                  (no ring)
Stlth    +++.......             (no ring)
HPRegen  0.09/turn              (no ring)
MPRegen  0.11/turn              (no ring)
                                (no ring)
                                (no ring)

@: no status effects
A: almost no armour, amphibious, 8 rings, camouflage 1, gelatinous body 1,
(nimble swimmer 1), tentacles
a: no special abilities


You were on level 2 of the Dungeon.
You visited 1 branch of the dungeon, and saw 3 of its levels.

You collected 128 gold pieces.

Inventory:

Hand Weapons
 e - a +0 dagger
 n - a +1 short sword of freezing (weapon)
Missiles
 b - 24 stones
Wands
 i - a wand of polymorph (9)
 j - a wand of mindburst (17)
Scrolls
 c - 3 scrolls of identify {unknown}
 d - a scroll of magic mapping {unknown}
 g - a scroll of enchant weapon {unknown}
 k - 3 scrolls of teleportation {unknown}
 m - a scroll of blinking {unknown}
Potions
 a - a potion of brilliance {unknown}
 f - a potion of heal wounds {unknown}
 h - a potion of resistance {unknown}
 l - a potion of curing {unknown}
 o - a potion of flight {unknown}
 p - a potion of degeneration {unknown}


   Skills:
 - Level 2.0 Dodging
 - Level 2.6 Stealth
 + Level 3.0 Spellcasting
 + Level 2.6 Transmutations
 + Level 3.9 Earth Magic


You had 4 spell levels left.
You knew the following spells:

 Your Spells              Type           Power      Damage    Failure   Level
a - Sandblast             Erth           34%        2d9       3%          1
p - Petrify               Tmut/Erth      14%        N/A       38%         4

Your spell library contained the following spells:

 Spells                   Type           Power      Damage    Failure   Level
 Passwall                 Tmut/Erth      11%        N/A       6%          2
 Wereblood                Tmut           12%        N/A       9%          2
 Stone Arrow              Conj/Erth      18%        3d8       22%         3
 Sublimation of Blood     Necr           1%         N/A       24%         2
 Summon Hydra             Summ           1%         N/A       100%        7


Dungeon Overview and Level Annotations

Branches:
Dungeon (3/15)

Altars:


Innate Abilities, Weirdness & Mutations

You cannot wear most types of armour.
You are amphibious.
You can wear up to eight rings at the same time.
Your skin changes colour to match your surroundings (Stealth+).
Your rubbery body absorbs attacks. (AC +1, EV +1)
((You are camouflaged near water. (Stealth+)))
You have tentacles for arms and can constrict up to eight enemies at once.


Message History

The gnoll shouts! x2
There are monsters nearby!
You completely miss the gnoll. You grab the gnoll. You constrict the gnoll.
An orc comes into view. It is wielding a +0 short sword.
The gnoll closely misses you.
There are monsters nearby!
The orc shouts!
You hit the gnoll. You freeze the gnoll.
The gnoll is heavily wounded.
You constrict the gnoll. The gnoll completely misses you.
The gnoll hits you with a +0 whip!
You release your grip on the gnoll.
The blast of sand hits the gnoll.
The gnoll is lightly wounded.
The gnoll hits you with a +0 whip!
You are too injured to fight recklessly!
You are too injured to fight recklessly!
You are too injured to fight recklessly!
The gnoll throws a throwing net.
The throwing net barely misses you.
You see here a throwing net.
Unknown command.
A goblin comes into view. It is wielding a +0 club.
Found a stone staircase leading down.
The goblin shouts!
The goblin closely misses you.
The kobold throws a stone.
The stone hits you.
The kobold throws a stone.
The stone hits you. The kobold barely misses you.
There is a stone staircase leading up here.
The gnoll hits you with a +0 whip.
* * * LOW HITPOINT WARNING * * *
The kobold hits you with a +0 dagger.
* * * LOW HITPOINT WARNING * * *
You climb upwards.
There is a stone staircase leading down here.
Unknown command.
You are too injured to fight recklessly!
Unknown command.
The gnoll hits you with a +0 whip!
You die...

#####...#######.###.##
##.## ##.#.## #.#
##.## #.# #.# #.#
#####.# #.# #.....#
#.# #.##### #.# #.#
#@######.###
#.gK.......#
########.#.# #.#.#
#.#K# #.#.#######
#....#.....
#..#...K...
##...#.####


You could see a gnoll and a kobold.

Vanquished Creatures
  Terence (D:3)
  A howler monkey skeleton (D:3)
  An adder (D:2)
  5 dart slugs
  3 endoplasms
  3 giant cockroaches
  7 goblins
  4 hobgoblins
  3 jackals (D:3)
  10 kobolds
  A quokka (D:1)
  3 ball pythons
  9 bats
  2 frilled lizards
  6 rats
59 creatures vanquished.

Notes
Turn   | Place    | Note
-------+----------+-------------------------------------------
     0 | D:1      | Atelerd the Octopode Earth Elementalist began the quest for
                  | the Orb.
     0 | D:1      | Reached XP level 1. HP: 11/11 MP: 3/3
   574 | D:1      | Reached XP level 2. HP: 17/17 MP: 3/5
  1324 | D:1      | Reached XP level 3. HP: 20/21 MP: 6/6
  2558 | D:2      | Reached XP level 4. HP: 27/27 MP: 8/8
  2962 | D:2      | Learned a level 4 spell: Petrify
  3161 | D:3      | Noticed Terence
  3297 | D:3      | Killed Terence
  3710 | D:2      | Slain by a gnoll

Illustrated notes

Levels and vault maps discovered:
D:1:      heliophobic_arrival_glass_houses, layout_loops_ring,
          hangedman_glass_teeth, patterned_corridor
D:2:      layout_loops_ring, minmay_misc_feat_diagonals,
          minmay_goblin_kobold_house
D:3:      layout_rooms, elyvilon_altar_3,
          hellmonk_ecumenical_altar_heavens_door, kennysheep_pointless_box,
          due_unseen_surprise, uniq_terence

Skill      XL: |  1  2  3  4 |
---------------+-------------+-----
Transmutations | 2 |  2.6
Spellcasting   | 3 |  3.0
Dodging        | |  2.0
Stealth        | |  2.6
Earth Magic    | |  3.9

Action                   |  1- 3 |  4- 6 || total
-------------------------+-------+-------++-------
Melee: Unarmed           |    23 |       ||    23
       Constrict         |    21 |    11 ||    32
       Tentacles         |    11 |     6 ||    17
       Dagger            |    51 |     8 ||    59
       Short sword       |       |    34 ||    34
 Cast: Sandblast         |    21 |    12 ||    33
       Petrify           |       |     3 ||     3
 Stab: Sleeping          |    11 |     2 ||    13
       Petrified         |       |    10 ||    10
Armor: Skin              |     7 |     5 ||    12
Dodge: Dodged            |    54 |    43 ||    97
